 Dungeon Crawl Stone Soup version 0.21-a0-128-gf2b353c (webtiles) character file.

8732 grindst0ne the Cleaver (level 11, 0/92 HPs)
             Began as a Hill Orc Necromancer on July 16, 2017.
             Was a Priest of Kikubaaqudgha.
             Slain by a sun demon (8 damage)
             ... in a volcano.
             The game lasted 01:05:19 (11600 turns).

grindst0ne the Cleaver (Hill Orc Necromancer)      Turns: 11600, Time: 01:05:20

Health: 0/92       AC: 12    Str: 13    XL:     11   Next: 35%
Magic:  10/15      EV: 11    Int: 17    God:    Kikubaaqudgha [***...]
Gold:   433        SH:  0    Dex: 13    Spells: 2/13 levels left

rFire    + + .     SeeInvis .   I - +8 flail of the Absolute Madman {crush, rElec rF+ Dex+2}
rCold    + . .     Gourm    .   (no shield)
rNeg     . . .     Faith    .   w - +1 leather armour {rF+}
rPois    .         Spirit   .   t - +2 helmet
rElec    +         Reflect  .   p - +1 cloak
rCorr    +         Harm     .   F - +1 pair of gloves
MR       .....                  (no boots)
Stlth    ++........             (no amulet)
HPRegen  0.25/turn              a - ring of protection from cold
MPRegen  0.14/turn              y - ring of resist corrosion

@: about to teleport, very slightly contaminated
A: no striking features
a: Receive Corpses, Renounce Religion


You were in a volcano.
You worshipped Kikubaaqudgha.
Kikubaaqudgha was most pleased with you.
You were near starving.

You visited 2 branches of the dungeon, and saw 11 of its levels.
You also visited: Ossuary and Volcano.

You collected 521 gold pieces.
You spent 88 gold pieces at shops.

Inventory:

Hand Weapons
 o - a +1 scimitar of flaming
 B - a +2 trident of flaming
 E - a +0 battleaxe
 I - the +8 flail of the Absolute Madman (weapon) {crush, rElec rF+ Dex+2}
   (You found it on level 7 of the Dungeon)

   It inflicts extra damage upon your enemies.
   It affects your dexterity (+2).
   It protects you from fire.
   It insulates you from electricity.
Armour
 p - a +1 cloak (worn)
 t - a +2 helmet (worn)
 w - a +1 leather armour of fire resistance (worn)
 z - a +2 robe of fire resistance
 F - a +1 pair of gloves (worn)
 H - a +0 plate armour
 N - the +1 ring mail of Zoll {MR+ rCorr Dex+4 SInv}
   (You found it on level 9 of the Dungeon)

   It affects your dexterity (+4).
   It affects your resistance to hostile enchantments.
   It lets you see invisible.
   It protects you from acid and corrosion.
 O - the +6 scale mail of Tout {rPois rC+ Dex+2 Stlth-}
   (You found it on level 1 of the Lair of Beasts)

   It affects your dexterity (+2).
   It protects you from cold.
   It protects you from poison.
   It makes you less stealthy.
Jewellery
 a - a ring of protection from cold (left hand)
 y - a ring of resist corrosion (right hand)
 M - an uncursed ring of flight
Wands
 i - a wand of digging (19/24)
 r - a wand of lightning (0/15)
 D - a wand of flame (11/48)
 G - a wand of polymorph (7/24)
Scrolls
 e - 6 scrolls of enchant armour
 g - 5 scrolls of remove curse
 h - 3 scrolls of recharging
 k - 3 scrolls of teleportation
 K - a scroll of enchant weapon
 Q - a scroll of fear
Potions
 d - 3 potions of flight
 f - 2 potions of might
 l - 3 potions of curing
 m - 4 potions of magic
 n - 3 potions of lignification
 q - 2 potions of agility
 s - 2 potions of mutation
 A - a potion of berserk rage
 J - 3 potions of brilliance
Books
 b - a book of Necromancy

   Spells                             Type                      Level
   a - Pain                           Necromancy                   1
   b - Animate Skeleton               Necromancy                   1
   c - Vampiric Draining              Necromancy                   3
   d - Regeneration                   Charms/Necromancy            3
   e - Animate Dead                   Necromancy                   4
   f - Control Undead                 Necromancy                   4
 v - a book of Misfortune

   Spells                             Type                      Level
   a - Confusing Touch                Hexes                        1
   b - Confuse                        Hexes                        3
   c - Gell's Gravitas                Translocation                3
   d - Petrify                        Transmutation/Earth          4
   e - Metabolic Englaciation         Hexes/Ice                    5
   f - Yara's Violent Unravelling     Hexes/Transmutation          5
 x - Kikubaaqudgha's Reference Book on Evil
   (Kikubaaqudgha gifted it to you on level 9 of the Dungeon)

   Spells                             Type                      Level
   a - Excruciating Wounds            Charms/Necromancy            5
   b - Agony                          Necromancy                   5
   c - Cigotuvi's Embrace             Necromancy                   5
   d - Dispel Undead                  Necromancy                   5
   e - Simulacrum                     Ice/Necromancy               6
 C - a book of Minor Magic

   Spells                             Type                      Level
   a - Magic Dart                     Conjuration                  1
   b - Blink                          Translocation                2
   c - Call Imp                       Summoning                    2
   d - Slow                           Hexes                        2
   e - Conjure Flame                  Conjuration/Fire             3
   f - Mephitic Cloud                 Conjuration/Poison/Air       3
 L - Kikubaaqudgha's Collected Works on Unholy Rituals
   (Kikubaaqudgha gifted it to you on level 7 of the Dungeon)

   Spells                             Type                      Level
   a - Animate Skeleton               Necromancy                   1
   b - Corpse Rot                     Necromancy                   2
   c - Sublimation of Blood           Necromancy                   2
   d - Vampiric Draining              Necromancy                   3
   e - Control Undead                 Necromancy                   4
Comestibles
 c - 8 bread rations
 u - 3 royal jellies
 S - 13 chunks of flesh
 T - a meat ration


   Skills:
 - Level 7.2 Fighting
 * Level 11.5 Axes
 + Level 3.7 Armour
 - Level 1.5 Dodging
 - Level 1.5 Stealth
 - Level 1.5 Spellcasting
 + Level 10.6 Necromancy
 + Level 4.7 Translocations
 + Level 6.2 Evocations


You had 2 spell levels left.
You knew the following spells:

 Your Spells              Type           Power        Failure   Level  Hunger
a - Pain                  Necr           ####         1%          1    ##.....
b - Animate Skeleton      Necr           N/A          1%          1    ##.....
c - Vampiric Draining     Necr           #####.....   1%          3    ####...
d - Control Undead        Necr           #####.....   3%          4    #####..
e - Blink                 Tloc           N/A          5%          2    ###....


Dungeon Overview and Level Annotations

Branches:
Dungeon (10/15)            Temple (0/1) D:6            Lair (1/6) D:9
    Orc: D:9-12

Altars:
Kikubaaqudgha
Nemelex Xobeh
Sif Muna
Uskayaw
Yredelemnul

Shops:
D:4 [   D:6 (   D:8 *

Annotations:
D:2 exclusion: downstairs
D:3 minicreteconcrete's ghost, weakling VSTm
D:5 exclusion: downstairs Volcano exclusion: obsidian statue


Message History

As you read the scroll of teleportation, it crumbles to dust.
You feel strangely unstable. The orange demon stings you from afar.
* * * LOW HITPOINT WARNING * * *
Casting: Blink
Confirm with . or Enter, or press ? or * to list all spells.
You blink.
Eat one of 13 chunks of flesh? (ye/n/q)
Okay, then.
Okay, then.
Okay, then.
Casting: Blink
Confirm with . or Enter, or press ? or * to list all spells.
You blink.
The obsidian statue's eyes glow briefly.
The hellwing hits you!
* * * LOW HITPOINT WARNING * * *
The hellwing barely misses you. The sun demon hits you!
You die...
Kikubaaqudgha rasps: "You have failed me!
Welcome... death!"

########
#$$$![$#
#..5[!)#....###
#.≈..4##....h.
#8.4.3@+.....
#.≈.5.##...p
#...5!)#...
#$$$%(?#..
########.# #'#
#### #.# #..###
##.## ##....##
#8.8###.Z....#


You could see an obsidian statue, a sun demon, an orange demon, a hellwing, a
crimson imp, a white imp and a shadow imp.

Vanquished Creatures
  Erica (D:8)
  A two-headed ogre (D:8)
  Joseph (D:10)
  Grinder (D:5)
  A blink frog (Lair:1)
  5 yaks
  3 fire bats (Volcano)
  A hungry ghost (D:10)
  A hell hound (Volcano)
  3 ice beasts
  6 sky beasts
  An orc warrior (D:10)
  A hornet zombie (D:8)
  2 ogres
  2 centaurs
  2 big kobolds
  2 crocodiles (Lair:1)
  2 bullfrogs
  2 elf zombies (Ossuary)
  A gnoll sergeant (D:5)
  An elf skeleton (D:8)
  A scorpion (D:7)
  12 killer bees
  2 howler monkeys (D:10)
  3 lava snakes (Volcano)
  2 quasits (D:10)
  2 crimson imps
  4 human zombies
  2 orc priests
  2 hounds
  A jelly (D:10)
  9 orc wizards
  2 human skeletons (D:8)
  Ijyb (D:3)
  4 worker ants
  4 iguanas
  2 big kobold zombies (Ossuary)
  A mummy (Ossuary)
  A worker ant zombie (D:7)
  A howler monkey zombie (D:7)
  8 adders
  10 gnolls
  2 shadow imps
  An adder skeleton (D:4)
  An adder zombie (Ossuary)
  A worm (D:6)
  3 leopard geckos
  23 orcs
  5 bats
  2 bat zombies (D:6)
  6 giant cockroaches
  7 hobgoblins
  12 jackals
  2 quokkas
  A ball python skeleton (D:4)
  3 frilled lizards
  10 goblins
  12 hobgoblin zombies (Ossuary)
  13 kobolds
  5 kobold zombies (Ossuary)
  A leopard gecko skeleton (D:7)
  2 orc skeletons (D:8)
  5 orc zombies (Ossuary)
  7 rats
  A rat zombie (Ossuary)
239 creatures vanquished.

Vanquished Creatures (collateral kills)
  A hell knight (Volcano)
  A komodo dragon (Lair:1)
  A troll (D:9)
  A blink frog (Lair:1)
  5 yaks
  A fire bat (Volcano)
  An orc warrior (D:6)
  A porcupine (Lair:1)
  2 bullfrogs
  2 killer bees (D:10)
  2 lava snakes (Volcano)
  Crazy Yiuf (D:2)
  An orc wizard (D:10)
  A worker ant (D:8)
  A mummy (Ossuary)
  Robin (D:3)
  A gnoll (D:6)
  A worm (D:2)
  A leopard gecko (D:2)
  8 orcs
  2 giant cockroaches
  2 hobgoblins
  A quokka (D:4)
  2 ball pythons
  A bat (D:2)
  A frilled lizard (D:1)
  3 goblins
  A hobgoblin zombie (Ossuary)
  A kobold (D:1)
  2 kobold zombies (Ossuary)
  An orc zombie (Ossuary)
  A rat (D:1)
  A rat zombie (Ossuary)
  A butterfly (D:6)
54 creatures vanquished.

Vanquished Creatures (others)
  An orc wizard (D:7)
1 creature vanquished.

Grand Total: 294 creatures vanquished

Notes
Turn   | Place    | Note
-------+----------+-------------------------------------------
     0 | D:1      | grindst0ne the Hill Orc Necromancer began the quest for the Orb.
     0 | D:1      | Reached XP level 1. HP: 14/14 MP: 3/3
     2 | D:1      | Learned a level 1 spell: Animate Skeleton
   455 | D:1      | Reached XP level 2. HP: 17/20 MP: 4/4
   708 | D:1      | You fall through a shaft!
   792 | D:2      | Reached XP level 3. HP: 21/26 MP: 0/5
   887 | D:2      | Found a basalt altar of Yredelemnul.
   892 | D:2      | Learned a level 3 spell: Vampiric Draining
   902 | D:2      | Reached skill level 5 in Necromancy
  1833 | D:2      | Found a runed door.
  2204 | D:2      | Noticed Crazy Yiuf
  2215 | D:2      | Killed Crazy Yiuf
  2215 | D:2      | Reached XP level 4. HP: 16/33 MP: 0/6
  2297 | D:3      | Noticed minicreteconcrete's ghost (weakling VSTm)
  2500 | D:3      | Noticed Robin
  2730 | D:3      | Killed Robin
  2813 | D:3      | Noticed Ijyb
  3305 | D:3      | Killed Ijyb
  3305 | D:3      | Reached skill level 1 in Fighting
  3305 | D:3      | Reached XP level 5. HP: 39/40 MP: 4/7
  3594 | D:4      | Reached XP level 6. HP: 34/50 MP: 0/8
  3765 | D:4      | Found a sparkling altar of Nemelex Xobeh.
  4126 | D:4      | Found Cufar's Antique Armour Shop.
  4129 | D:4      | Bought a runed robe for 88 gold pieces
  4359 | D:4      | Reached XP level 7. HP: 57/59 MP: 4/9
  4529 | D:5      | Entered Level 5 of the Dungeon
  4554 | D:5      | Learned a level 4 spell: Control Undead
  4660 | D:5      | Noticed Grinder
  4672 | D:5      | Paralysed by Grinder for 4 turns
  4679 | D:5      | Killed Grinder
  4679 | D:5      | Reached skill level 5 in Fighting
  4778 | D:5      | Reached XP level 8. HP: 40/70 MP: 4/10
  5135 | D:5      | Noticed a hand axe
  5135 | D:5      | Noticed a dagger
  5138 | D:5      | Found a hide-covered altar of Uskayaw.
  5221 | D:6      | Found Kyez's Weapon Boutique.
  5557 | D:6      | Found an ancient bone altar of Kikubaaqudgha.
  5565 | D:6      | Became a worshipper of Kikubaaqudgha
  5643 | D:6      | Found a staircase to the Ecumenical Temple.
  5796 | D:6      | Reached skill level 1 in Axes
  5904 | D:6      | Reached skill level 2 in Axes
  6304 | D:6      | Reached skill level 3 in Axes
  6304 | D:6      | Reached skill level 1 in Evocations
  6418 | D:7      | Found a deep blue altar of Sif Muna.
  6450 | D:7      | Reached skill level 4 in Axes
  6775 | D:7      | Got a bone flail
  6776 | D:7      | Identified the +8 flail of the Absolute Madman {crush, rElec rF+ Dex+2} (You found it on level 7 of the Dungeon)
  7187 | D:7      | Reached XP level 9. HP: 50/79 MP: 11/11
  7542 | D:7      | Reached * piety under Kikubaaqudgha
  7542 | D:7      | Identified Kikubaaqudgha's Collected Works on Unholy Rituals (Kikubaaqudgha gifted it to you on level 7 of the Dungeon)
  7542 | D:7      | Received a gift from Kikubaaqudgha
  7550 | D:7      | Learned a level 2 spell: Blink
  7657 | D:8      | Noticed Erica
  7658 | D:8      | Found Mozucuph's Antique Weapon Boutique.
  7674 | D:8      | Killed Erica
  7674 | D:8      | Reached skill level 6 in Axes
  7674 | D:8      | Reached skill level 1 in Translocations
  7829 | D:8      | Found Xyes's Book Shoppe.
  7829 | D:8      | Noticed a two-headed ogre
  7830 | D:8      | Noticed a water nymph
  7830 | D:8      | a two-headed ogre changed into a water nymph
  7909 | D:8      | Noticed a two-headed ogre
  7910 | D:8      | Found Apuvue's General Store.
  7983 | D:8      | Reached skill level 7 in Axes
  8066 | D:8      | Found a sand-covered staircase.
  8077 | Ossuary  | Entered an ossuary
  8248 | Ossuary  | Reached ** piety under Kikubaaqudgha
  8441 | D:8      | Reached skill level 8 in Axes
  8447 | D:8      | Reached XP level 10. HP: 47/86 MP: 1/13
  8928 | D:8      | Got a coiled golden ring
  8930 | D:8      | Identified the cursed ring of Tuock {rC+ Int-3} (You found it on level 8 of the Dungeon)
  8951 | D:8      | Killed a two-headed ogre
  8951 | D:8      | Reached skill level 9 in Axes
  8951 | D:8      | Reached skill level 10 in Necromancy
  9158 | D:9      | Found a staircase to the Lair.
  9183 | D:9      | Reached *** piety under Kikubaaqudgha
  9183 | D:9      | Identified Kikubaaqudgha's Reference Book on Evil (Kikubaaqudgha gifted it to you on level 9 of the Dungeon)
  9183 | D:9      | Received a gift from Kikubaaqudgha
  9268 | D:9      | Got a dazzling ring mail
  9279 | D:9      | Identified the +1 ring mail of Zoll {MR+ rCorr Dex+4 SInv} (You found it on level 9 of the Dungeon)
  9289 | D:9      | Reached skill level 5 in Evocations
  9305 | D:9      | Reached skill level 1 in Armour
 10061 | D:10     | Entered Level 10 of the Dungeon
 10120 | D:10     | Reached skill level 10 in Axes
 10635 | D:10     | Reached XP level 11. HP: 87/92 MP: 15/15
 10975 | D:10     | Noticed Joseph
 11018 | D:10     | Killed Joseph
 11250 | Lair:1   | Entered Level 1 of the Lair of Beasts
 11277 | Lair:1   | Reached skill level 11 in Axes
 11389 | Lair:1   | Found a dark tunnel.
 11393 | Lair:1   | Got a pearl-encrusted scale mail
 11404 | Lair:1   | Identified the +6 scale mail of Tout {rPois rC+ Dex+2 Stlth-} (You found it on level 1 of the Lair of Beasts)
 11420 | Volcano  | Entered a volcano
 11552 | Volcano  | Noticed a hell knight
 11558 | Volcano  | Noticed a red ugly thing
 11575 | Volcano  | Killed a hell knight
 11591 | Volcano  | Noticed a sun demon
 11592 | Volcano  | Noticed an obsidian statue
 11600 | Volcano  | Slain by a sun demon

Vault maps used:
D:1:      scummos_arrival_forest
D:2:      marbit_many_paths, uniq_crazy_yiuf_cottage
D:3:      uniq_ijyb, uniq_robin
D:4:      nicolae_overflow_crystal_walls, serial_shops, kennysheep_mini_moat
D:5:      dancing_weapons_uskayaw, first_bread, solitary_fountain, uniq_grinder
D:6:      lemuel_zombie_altar_kikubaaqudgha, minmay_temple_entry_butterflies,
          serial_shops, shop
D:7:      kennysheep_orc_sif_temple
D:8:      serial_shops, nicolae_shop_waterfront, shop, shop_fountains,
          nicolae_ossuary_entry_catacombs, uniq_gastronok, uniq_erica
D:9:      dpeg_oklobed_lair
D:10:     uniq_joseph
Lair:1:   nicolae_volcano_entry_two_sided, grunt_megastairs_3
Ossuary:  ossuary_tomb_1
Volcano:  volcano_grotto

Skill      XL: |  1  2  3  4  5  6  7  8  9 10 11 |
---------------+----------------------------------+-----
Necromancy     | 5 6 7 8 9 10 | 10.6
Fighting       | 1 2 4 6 7 |  7.2
Axes           | 4 8 10 11 | 11.5
Evocations     | 2 4 5 6 |  6.2
Translocations | 2 4 |  4.7
Armour         | 2 3 |  3.7
Dodging        | |  1.5
Stealth        | |  1.5
Spellcasting   | |  1.5

Action                   |  1- 3 |  4- 6 |  7- 9 | 10-12 || total
-------------------------+-------+-------+-------+-------++-------
Melee: Unarmed           |    55 |    28 |       |       ||    83
       Whip              |       |    19 |    18 |       ||    37
       Trident           |       |       |    76 |       ||    76
       Flail             |       |       |   174 |   213 ||   387
 Cast: Pain              |    41 |    62 |    77 |    15 ||   195
       Animate Skeleton  |    11 |     9 |    10 |    37 ||    67
       Vampiric Draining |     4 |     1 |    16 |    25 ||    46
       Control Undead    |       |       |     5 |       ||     5
       Blink             |       |       |       |     4 ||     4
Invok: Receive Corpses   |       |       |       |     6 ||     6
Evoke: Wand              |       |     4 |     9 |    10 ||    23
  Use: Potion            |     2 |       |     3 |     6 ||    11
       Scroll            |       |     3 |    16 |    10 ||    29
 Stab: Distracted        |     1 |     1 |       |       ||     2
       Sleeping          |       |       |     1 |     1 ||     2
  Eat: Chunk             |     5 |     8 |    12 |    16 ||    41
       Bread ration      |       |       |     2 |       ||     2
Armor: Robe              |    11 |     4 |       |       ||    15
       Leather armour    |       |    38 |   133 |    61 ||   232
       Ring mail         |       |       |       |    95 ||    95
Dodge: Dodged            |    65 |    61 |   152 |   211 ||   489
